 Dungeon Crawl Stone Soup version 0.18.1-48-g4cf74bf (webtiles) character file.

3343 Jerry the Blocker (level 9, 70/70 HPs)
             Began as a Minotaur Fighter on Aug 11, 2016.
             Was a Follower of the Shining One.
             Quit the game on level 7 of the Dungeon.
             The game lasted 00:29:52 (7503 turns).

Jerry the Blocker (Minotaur Fighter)                Turns: 7503, Time: 00:29:53

Health: 70/70      AC: 10    Str: 24    XL:     9   Next: 72%
Magic:  8/8        EV:  9    Int:  3    God:    the Shining One [*.....]
Gold:   367        SH: 13    Dex: 13    Spells: 0 memorised, 8 levels left

rFire  . . .     SeeInvis .     a - +1 flail
rCold  . . .     Gourm    .     b - +1 scale mail
rNeg   . . .     Faith    .     c - +0 shield
rPois  .         Spirit   .     (helmet restricted)
rElec  .         Dismiss  .     C - +1 cloak
rCorr  .         Reflect  .     B - +0 pair of gloves {Str+3}
SustAt .         Harm     .     (no boots)
MR     .....                    y - amulet of rage
Stlth  ..........               (no ring)
                                (no ring)

@: glowing, not resistant to hostile enchantments, extremely unstealthy
A: retaliatory headbutt, horns 2, molten scales 1, deformed body, deterioration
1, dopey 1, wild magic 1
a: Renounce Religion, Evoke Berserk Rage


You were on level 7 of the Dungeon.
You worshipped the Shining One.
The Shining One was aware of your devotion.
You were very hungry.

You visited 2 branches of the dungeon, and saw 8 of its levels.

You collected 367 gold pieces.

Inventory:

Hand Weapons
 a - a +1 flail (weapon)
 g - a +0 hunting sling
 u - a +0 blowgun
Missiles
 i - 187 stones (quivered)
 v - 71 poisoned needles
Armour
 b - a +1 scale mail (worn)
 c - a +0 shield (worn)
 e - a +1 ring mail of fire resistance
 B - a +0 pair of gloves of strength (worn)
 C - a +1 cloak (worn)
Jewellery
 y - an amulet of rage (around neck)
Wands
 z - a wand of flame (27/48)
Scrolls
 j - 5 scrolls of teleportation
 m - a scroll of enchant armour
 p - 2 scrolls of magic mapping
 r - 3 scrolls of amnesia
 t - 5 scrolls of identify
 w - a scroll of fog {unknown}
 x - 2 scrolls of remove curse {unknown}
 A - a scroll of recharging
 D - a scroll of noise {unknown}
Potions
 d - 2 potions of haste
 l - a potion of resistance
 o - 2 potions of agility
 q - a potion of flight {unknown}
Comestibles
 f - 8 bread rations
 h - 2 slices of pizza
 k - a royal jelly
 n - a meat ration
 s - 7 beef jerkies


   Skills:
 - Level 3.6 Fighting
 + Level 11.4 Maces & Flails
 + Level 5.5 Armour
 + Level 11.6 Shields


You had 8 spell levels left.
You didn't know any spells.

Dungeon Overview and Level Annotations

Branches:
Dungeon (7/15)             Temple (1/1) D:5

Altars:
Ashenzari
Cheibriados
Dithmenos
Elyvilon
Fedhas
Gozag
Kikubaaqudgha
Makhleb
Nemelex Xobeh
Okawaru
Pakellas
Qazlal
Ru
Sif Muna
Trog
Vehumet
Xom
Yredelemnul
Zin
The Shining One

Shops:
D:4 [


Innate Abilities, Weirdness & Mutations

You reflexively headbutt those who attack you in melee.
You have a pair of horns on your head.
You are partially covered in molten scales (AC +1).
Armour fits poorly on your strangely shaped body.
Your body sometimes deteriorates upon taking damage.
You are dopey. (Int -2)
Your spells are a little harder to cast, but a little more powerful.


Message History

The ogre is almost dead.
You block the ogre's attack.
You sock the ogre!
You kill the ogre!
No target in view!
No target in view!
Found a throwing net.
You see here a giant club.
You see here a throwing net.
f - 8 bread rations (gained 3)
s - 4 beef jerkies (gained 3)
s - 7 beef jerkies (gained 3)
You see here an elf skeleton.
You see here a giant club.
Found a snail-covered altar of Cheibriados.
Found an escape hatch in the floor.
You are feeling very hungry.
Done exploring.
Done exploring.
Are you sure you want to abandon this character and quit the game? (Confirm with "yes".)

####........##÷§.##.#
#........
#####....##÷..##.#
#........ #....#######.#
#........ ##....#####..#
#........ ##..........#
##....... #.......†..#
#....... ####.#.#####
##.......
######.#....####........
#......@.##........#....
#........#####...#......
#........#####.####.....
#...........<...........
#........#####.####..>..
#........# #....###.....
########## #............
#....#######. #....# #.


There were no monsters in sight!

Vanquished Creatures
  The ghost of baghtru the Fighter, a novice HOFi of Okawaru (D:7)
  Sigmund (D:4)
  Eustachio (D:4)
  A hippogriff (D:6)
  A water moccasin (D:7)
  A black bear (D:6)
  An ice beast (D:5)
  An orc warrior (D:6)
  A sky beast (D:6)
  A necrophage (D:7)
  6 ogres
  A phantom (D:5)
  A centaur (D:5)
  3 giant frogs
  3 scorpions
  2 howler monkeys (D:7)
  4 crimson imps
  A centaur zombie (D:6)
  2 orc priests
  A gnoll shaman (D:4)
  A hound (D:6)
  An orc wizard (D:4)
  Terence (D:2)
  3 worker ants
  A hound zombie (D:7)
  2 hound skeletons
  6 gnolls
  8 adders
  A howler monkey skeleton (D:5)
  2 shadow imps
  An ooze (D:4)
  2 worms (D:3)
  A dart slug (D:1)
  2 giant geckos
  8 orcs
  8 bats
  3 giant cockroaches
  5 hobgoblins
  7 jackals
  3 quokkas
  A ball python (D:3)
  7 giant newts
  3 goblins
  A jackal skeleton (D:5)
  8 kobolds
  3 rats
123 creatures vanquished.

Notes
Turn   | Place    | Note
--------------------------------------------------------------
     0 | D:1      | Jerry the Minotaur Fighter began the quest for the Orb.
     0 | D:1      | Reached XP level 1. HP: 19/19 MP: 0/0
   168 | D:1      | Found a shattered altar of Ashenzari.
   294 | D:1      | Reached XP level 2. HP: 23/26 MP: 1/1
   423 | D:1      | You fall through a shaft!
   481 | D:2      | Reached XP level 3. HP: 17/31 MP: 2/2
  1484 | D:2      | Found a basalt altar of Yredelemnul.
  1494 | D:2      | Noticed Terence
  1505 | D:2      | Killed Terence
  1505 | D:2      | Reached skill level 5 in Shields
  1505 | D:2      | Reached XP level 4. HP: 35/39 MP: 3/3
  1602 | D:2      | Found a stormy altar of Qazlal.
  2520 | D:3      | Reached XP level 5. HP: 45/45 MP: 4/4
  2564 | D:3      | You fall through a shaft!
  2574 | D:4      | Reached skill level 5 in Maces & Flails
  2577 | D:4      | Noticed Eustachio
  2598 | D:4      | Noticed Sigmund
  2685 | D:3      | Noticed an ogre
  2698 | D:3      | Killed an ogre
  2840 | D:3      | Found a bloodstained altar of Trog.
  3165 | D:3      | Reached XP level 6. HP: 51/51 MP: 5/5
  3396 | D:4      | Found Muxaliwu's Armour Boutique.
  3884 | D:4      | Killed Sigmund
  3884 | D:4      | Reached XP level 7. HP: 49/57 MP: 6/6
  3950 | D:4      | Killed Eustachio
  4544 | D:5      | Entered Level 5 of the Dungeon
  4653 | D:5      | Found an iron altar of Okawaru.
  4657 | D:5      | Found a sparkling altar of Nemelex Xobeh.
  4920 | D:5      | Found a staircase to the Ecumenical Temple.
  4933 | D:5      | Reached XP level 8. HP: 52/64 MP: 7/7
  4942 | D:5      | Reached skill level 5 in Armour
  5069 | Temple   | Entered the Ecumenical Temple
  5193 | Temple   | Became a worshipper of the Shining One
  6090 | D:6      | Reached skill level 10 in Shields
  6100 | D:6      | Gained mutation: Your body sometimes deteriorates upon taking damage. [mutagenic meat]
  6101 | D:6      | Gained mutation: Your spells are a little harder to cast, but a little more powerful. [mutagenic meat]
  6102 | D:6      | Gained mutation: Armour fits poorly on your strangely shaped body. [mutagenic meat]
  6103 | D:6      | Gained mutation: You are dopey. (Int -2) [potion of mutation]
  6103 | D:6      | Gained mutation: You are partially covered in molten scales (AC +1). [potion of mutation]
  6144 | D:6      | Reached XP level 9. HP: 14/70 MP: 8/8
  6146 | D:6      | Reached skill level 10 in Maces & Flails
  6903 | D:7      | Reached * piety under the Shining One
  6988 | D:7      | Noticed baghtru's ghost (novice HOFi)
  7016 | D:7      | Killed baghtru's ghost
  7455 | D:7      | Found a snail-covered altar of Cheibriados.
  7503 | D:7      | Quit the game

Skill      XL: |  1  2  3  4  5  6  7  8  9 |
---------------+----------------------------+-----
Maces & Flails | 3 4 5 6 8 9 11 | 11.4
Shields        | 4 5 6 7 8 10 11 | 11.6
Armour         | 4 5 |  5.5
Fighting       | |  3.6

Action                   |  1- 3 |  4- 6 |  7- 9 || total
-------------------------+-------+-------+-------++-------
Melee: Flail             |    51 |   129 |   200 ||   380
       Headbutt          |     8 |    19 |    59 ||    86
       Whip              |       |       |    62 ||    62
 Fire: Blowgun           |       |    15 |     7 ||    22
 Abil: Evoke Berserk Rag |       |     1 |     1 ||     2
  Use: Potion            |     1 |     6 |     2 ||     9
       Scroll            |       |    10 |       ||    10
  Eat: Chunk             |     1 |     7 |    14 ||    22
       Beef jerky        |       |     1 |     1 ||     2
Armor: Scale mail        |    23 |   101 |    68 ||   192
       Skin              |       |     9 |       ||     9
Dodge: Dodged            |    18 |    58 |    45 ||   121
Block: Shield            |    21 |   125 |   103 ||   249
